 Dungeon Crawl Stone Soup version 0.31-a0-819-gf6de2f5ab6 (webtiles) character file.

Game seed: 697329712745985458

61889 miscthings the Rich (level 15, -6/117 HPs)
             Began as a Gnoll Wanderer on Sept 24, 2023.
             Was an Initiate of Gozag.
             Killed from afar by a hell knight (31 damage)
             ... with a bolt of fire
             ... on level 11 of the Dungeon.
             The game lasted 00:53:00 (16152 turns).

miscthings the Rich (Gnoll Wanderer)               Turns: 16152, Time: 00:53:00

Health: -6/117     AC: 19    Str: 20    XL:     15   Next: 4%
Magic:  28/28      EV: 20    Int: 14    God:    Gozag
Gold:   2278       SH:  9    Dex: 31    Spells: 29/33 levels left

rFire   . . .        w - +5 trident (venom)
rCold   + . .        y - +0 buckler
rNeg    + + .        R - +3 scale mail "Nyufad" {-Cast Harm Rampage rN++}
rPois   +            E - +2 hat of Patterns {Dex+5}
rElec   .            L - scarf of Liepp {+Inv, rC+}
rCorr   .            z - +0 pair of gloves
SInv    .            (no boots)
Will    +++..        j - amulet of regeneration
Stlth   ++++         X - ring "Roni" {AC+4 Dex+7 Slay-2}
HPRegen 1.19/turn    J - ring "Sitettet" {*Slow rPois Str+3 Dex+6}
MPRegen 0.21/turn

%: no spellcasting, slow self (1%), harm (+30% outgoing, +20% incoming), rampage
@: gold aura, enlightened, flying (expiring)
A: fangs 1, strong nose, distributed training, clever 1, strong-willed 1,
inability to drink after injury 1
a: Renounce Religion, Evoke Invisibility, Potion Petition, Call Merchant, Bribe
Branch


You were on level 11 of the Dungeon.
You worshipped Gozag.
Gozag was most pleased with you.
You visited 3 branches of the dungeon, and saw 17 of its levels.
You also visited: Bailey.

You collected 6609 gold pieces.
You spent 1918 gold pieces at shops.
You paid 2413 gold pieces to Gozag.

Inventory:

Hand Weapons
 q - a +5 sling of flaming
 w - a +5 trident of venom (weapon)
 D - the +6 Majin-Bo {spellvamp, MP+6 Int+6}
   (You found it on level 1 of the Lair of Beasts)

   Int+6:     It affects your intelligence (+6).
   MP+6:      It affects your magic capacity (+6).
Missiles
 c - 9 curare-tipped darts (quivered)
 C - 4 throwing nets
 H - 6 javelins
Armour
 e - a +2 scale mail of cold resistance
 l - a +2 chain mail of poison resistance
 y - a +0 buckler (worn)
 z - a +0 pair of gloves (worn)
 E - the +2 hat of Patterns (worn) {Dex+5}
   (You acquired it on level 10 of the Dungeon)

   Dex+5:     It affects your dexterity (+5).
 L - the scarf of Liepp (worn) {+Inv, rC+}
   (You bought it in a shop on level 8 of the Dungeon)

   rC+:       It protects you from cold.
 P - a +0 crystal plate armour
 R - the +3 scale mail "Nyufad" (worn) {-Cast Harm Rampage rN++}
   (You bought it in a shop on level 9 of the Dungeon)

   rN++:      It greatly protects you from negative energy.
   -Cast:     It prevents spellcasting.
   Harm:      It increases damage dealt and taken.
   Rampage:   It bestows one free step when moving towards enemies.
Jewellery
 j - an amulet of regeneration (around neck)
 n - a ring of magical power
 J - the ring "Sitettet" (right hand) {*Slow rPois Str+3 Dex+6}
   (You found it on level 6 of the Dungeon)

   [ring of dexterity]

   Str+3:     It affects your strength (+3).
   Dex+6:     It affects your dexterity (+6).
   rPois:     It protects you from poison *Slow: It may slow you when you take
   damage.
 M - a ring of positive energy
 S - the ring "Ydesott" {Fire Str+3}
   (You found it on level 1 of the Lair of Beasts)

   [ring of fire]

   Fire:      It enhances your fire magic.
   Str+3:     It affects your strength (+3).
   rF+:       It protects you from fire.
   rC-:       It makes you vulnerable to cold.
 X - the ring "Roni" (left hand) {AC+4 Dex+7 Slay-2}
   (You found it on level 5 of the Lair of Beasts)

   [ring of protection]

   AC+4:      It affects your AC (+4).
   Dex+7:     It affects your dexterity (+7).
   Slay-2:    It affects your accuracy & damage with ranged weapons and melee
   (-2).
Wands
 f - a wand of flame (21)
 r - a wand of roots (3)
 t - a wand of mindburst (3)
 U - a wand of charming (6)
Scrolls
 a - a scroll of immolation
 b - 4 scrolls of blinking
 i - 4 scrolls of fear
 k - a scroll of brand weapon {unknown}
 m - 4 scrolls of enchant weapon
 o - a scroll of enchant armour {unknown}
 p - 2 scrolls of noise
 v - 3 scrolls of fog
 x - 7 scrolls of teleportation
 A - a scroll of amnesia {unknown}
 B - 3 scrolls of butterflies
 G - a scroll of poison {unknown}
 N - a scroll of revelation
 T - 2 scrolls of silence
Potions
 d - 3 potions of mutation
 g - 2 potions of ambrosia
 h - a potion of might
 s - 2 potions of attraction
 u - a potion of berserk rage
 F - 4 potions of brilliance
 I - 2 potions of invisibility
 K - 5 potions of enlightenment
 O - a potion of degeneration {unknown}
 Q - 3 potions of heal wounds
 V - 2 potions of cancellation
 W - 3 potions of curing
 Y - a potion of lignification
Miscellaneous
 Z - a phial of floods


   Skills:
 + Level 10.9 Fighting
 + Level 9.9 Short Blades
 + Level 10.3 Long Blades
 + Level 9.9 Axes
 + Level 9.9 Maces & Flails
 + Level 9.9 Polearms
 + Level 9.9 Staves
 + Level 9.9 Ranged Weapons
 + Level 9.9 Throwing
 + Level 10.3 Armour
 + Level 10.3 Dodging
 + Level 10.8 Stealth
 + Level 9.9 Shields
 + Level 9.9 Unarmed Combat
 + Level 9.9 Spellcasting
 + Level 8.3 Conjurations
 + Level 8.3 Hexes
 + Level 8.3 Summonings
 + Level 8.3 Necromancy
 + Level 8.3 Translocations
 + Level 8.3 Transmutations
 + Level 8.3 Fire Magic
 + Level 8.3 Ice Magic
 + Level 8.3 Air Magic
 + Level 8.3 Earth Magic
 + Level 8.3 Poison Magic
 + Level 11.7 Invocations
 + Level 10.3 Evocations
 + Level 9.1 Shapeshifting


You had 29 spell levels left.
You knew the following spells:

 Your Spells              Type           Power      Damage    Failure   Level
a - Brom's Barrelling Bo  Conj/Erth      30%        2d5       10%         4

Your spell library contained the following spells:

 Spells                   Type           Power      Damage    Failure   Level
 Foxfire                  Conj/Fire      100%       2x1d9     1%          1
 Kiss of Death            Conj/Necr      100%       2d13      1%          1
 Sandblast                Erth           60%        2d14      1%          1
 Passwall                 Tmut/Erth      25%        N/A       1%          2
 Confusing Touch          Hex            30%        N/A       3%          3
 Frozen Ramparts          Ice            60%        1d10      3%          3
 Hailstorm                Conj/Ice       30%        3d8       3%          3
 Stone Arrow              Conj/Erth      60%        3d10      3%          3
 Dispel Undead            Necr           30%        3d14      10%         4
 Leda's Liquefaction      Hex/Erth       15%        N/A       10%         4
 Petrify                  Tmut/Erth      30%        N/A       10%         4
 Summon Ice Beast         Ice/Summ       30%        N/A       10%         4
 Vhi's Electric Charge    Tloc/Air       60%        N/A       10%         4
 Arcjolt                  Conj/Air       15%        1d25      26%         5
 Lee's Rapid Deconstruct  Erth           15%        3d10*     26%         5
 Metabolic Englaciation   Hex/Ice        15%        N/A       26%         5
 Bombard                  Conj/Erth      15%        9d3       83%         6
 Plasma Beam              Fire/Air       15%        2x1d26    83%         6
 Starburst                Conj/Fire      15%        6d6       83%         6
 Simulacrum               Ice/Necr       Unusable   N/A       N/A         6

Dungeon Overview and Level Annotations

Branches:
Dungeon (11/15)            Temple (1/1) D:7            Lair (5/5) D:10
  Swamp (0/4) Lair:2       Spider (0/4) Lair:3        Slime (0/5) Lair:5
 Bailey (visited)
    Orc: D:9-12

Altars:
Ashenzari
Cheibriados
Dithmenos
Elyvilon
Fedhas
Gozag
Hepliaklqana
Kikubaaqudgha
Makhleb
Nemelex Xobeh
Okawaru
Qazlal
Ru
Sif Muna
Trog
Uskayaw
Vehumet
Wu Jian
Xom
Yredelemnul
Zin
The Shining One
Jiyva

Shops:
D:4 ?[:=:   D:7 =   D:8 [   D:9 *   Lair:2 (   Lair:5 =


Innate Abilities, Weirdness & Mutations

You have very sharp teeth.
Your uncanny sense of smell can sniff out nearby items.
Your experience applies equally to all skills.
Your mind is acute. (Int +4, Str/Dex -1)
You are strong-willed. (Will+)
You occasionally lose the ability to drink potions when taking damage.


Message History

The bolt of fire misses you.
You hear a bark!
You reach to attack!
You puncture the hell knight!
The hell knight is lightly wounded.
You reach to attack!
You puncture the hell knight!
The hell knight is heavily wounded.
You reach to attack!
You hit the hell knight but do no damage.
The hell knight is poisoned.
The hell knight is heavily wounded.
The hell knight mumbles some strange prayers to its god.
The hell knight seems to speed up.
The hell knight invokes the aid of its god against you.
The bolt of fire hits you! The hell hound breathes flames at you.
The blast of flame hits you!
You reach to attack!
You hit the hell knight but do no damage.
The hell knight looks as sick as possible!
The hell knight is heavily wounded.
You reach to attack!
You hit the hell knight but do no damage.
The hell knight is heavily wounded.
The hell knight mumbles some strange prayers to its god.
The hell knight seems to speed up.
You reach to attack!
You barely miss the hell knight.
The hell knight is severely wounded.
You reach to attack!
You hit the hell knight.
The hell knight looks as sick as possible!
The hell knight is severely wounded.
You reach to attack!
You hit the hell knight.
The hell knight is severely wounded.
You are starting to lose your buoyancy.
The hell knight calls down the wrath of its god upon you.
The bolt of fire hits you!!!
* * * LOW HITPOINT WARNING * * *
The hell knight mumbles some strange prayers to its god against you.
The bolt of fire hits you!!
You die...
Your body crumbles into a pile of gold.

#...........####......#####...
#.........### #......# #...
#..<......# #......# #...
#.........# ####.### #...
#.........# #.## ###'
##.################..#### #.
#.....##...............######
######'##.#############...##..
#..>......#..@..§§....#.#.##..
#.........#.###≈§§###.#.#.##..
####.........#.#.hpph..#,#....').
...'.........§.#p#####.#,#.####..
.###.........≈.#.#(<,*,#,#.####..
## #.........≈.#<#..,~,*,#.##....
#........[≈.#.#?.,*,*,#.##.###
#.......>.≈.#h###**,*,#.##.#
#########.#.#....,,,*,#.#..#


You could see a hell knight (fast) and a hell hound.

Vanquished Creatures
  An orc warlord (Bailey)
  The ghost of Geyrauw the Spear-Bearer, a journeyman GnRe of Gozag (Lair:5)
  3 hydras
  Erolcha (D:9)
  A catoblepas (Lair:5)
  A two-headed ogre (D:10)
  A boulder beetle (Lair:4)
  Urug (Lair:1)
  2 hell knights (D:11)
  Sonja (Lair:2)
  A skyshark (Lair:5)
  Amaemon (D:11)
  A bog body (Lair:2)
  2 lindwurms
  Pikel (D:7)
  A manticore (Lair:5)
  A cyclops (D:11)
  An ugly thing (D:11)
  A rust devil (D:7)
  5 black mambas
  13 elephants
  17 cane toads
  2 torpor snails
  An orange demon (D:11)
  Jeremiah (Lair:1)
  3 unseen horrors
  6 komodo dragons
  8 rime drakes
  4 polar bears
  2 trolls
  5 hornets (Lair:5)
  14 blink frogs
  9 dream sheep (Lair:4)
  Sigmund (D:2)
  12 spriggans (Lair:5)
  A vampire (D:11)
  2 shadows
  49 yaks
  2 wraiths
  10 wyverns
  4 steam dragons
  7 basilisks
  Grum (D:8)
  2 redbacks (Lair:3)
  4 vampire mosquitoes (D:11)
  3 hell hounds (D:11)
  2 acid dragons
  33 water moccasins
  13 orc warriors
  4 black bears
  2 ice beasts
  3 ogres
  4 boggarts (Lair:5)
  33 wolves
  4 centaurs
  2 lemures (D:7)
  A phantom (D:5)
  5 kobold brigands
  Blork the orc (D:5)
  11 bullfrogs
  3 gnoll sergeants (D:6)
  A wight (D:7)
  A howler monkey (D:7)
  7 electric eels
  4 gnoll boudas
  10 hounds
  4 jellies
  3 orc priests
  Terence (D:2)
  3 sleepcaps
  Jessica (D:3)
  Ijyb (D:5)
  3 iguanas
  Natasha (thrice) (D:2)
  3 orc wizards
  12 hell rats
  Robin (D:2)
  45 gnolls
  23 adders
  A shadow imp (D:5)
  A white imp (D:7)
  2 ufetubi
  A worm (D:2)
  5 dart slugs
  31 orcs
  8 bats
  8 endoplasms
  4 giant cockroaches
  26 goblins
  22 hobgoblins
  9 jackals
  32 kobolds
  3 quokkas
  11 ball pythons
  3 frilled lizards
  8 rats
  A butterfly (Lair:1)
634 creatures vanquished.

Notes
Turn   | Place    | Note
-------+----------+-------------------------------------------
     0 | D:1      | miscthings the Gnoll Wanderer began the quest for the Orb.
     0 | D:1      | miscthings set off with the following items: a +3 dagger, a
                  | scroll of blinking, a +0 falchion, a potion of mutation, a
                  | +0 leather armour.
     0 | D:1      | Reached XP level 1. HP: 20/20 MP: 3/3
    23 | D:1      | Reached XP level 2. HP: 26/26 MP: 5/5
   131 | D:1      | Reached XP level 3. HP: 27/31 MP: 6/6
   264 | D:1      | Found a faded altar of an unknown god.
   737 | D:2      | Reached skill level 1 in Short Blades
   737 | D:2      | Reached skill level 1 in Axes
   737 | D:2      | Reached skill level 1 in Maces & Flails
   737 | D:2      | Reached skill level 1 in Polearms
   737 | D:2      | Reached skill level 1 in Staves
   737 | D:2      | Reached skill level 1 in Ranged Weapons
   737 | D:2      | Reached skill level 1 in Throwing
   737 | D:2      | Reached skill level 1 in Shields
   737 | D:2      | Reached skill level 1 in Unarmed Combat
   737 | D:2      | Reached skill level 1 in Spellcasting
   783 | D:2      | Reached XP level 4. HP: 38/38 MP: 7/7
   792 | D:2      | Noticed Terence
   826 | D:2      | Reached skill level 1 in Shapeshifting
  1112 | D:3      | Reached skill level 1 in Conjurations
  1112 | D:3      | Reached skill level 1 in Hexes
  1112 | D:3      | Reached skill level 1 in Summonings
  1112 | D:3      | Reached skill level 1 in Necromancy
  1112 | D:3      | Reached skill level 1 in Translocations
  1112 | D:3      | Reached skill level 1 in Transmutations
  1112 | D:3      | Reached skill level 1 in Fire Magic
  1112 | D:3      | Reached skill level 1 in Ice Magic
  1112 | D:3      | Reached skill level 1 in Air Magic
  1112 | D:3      | Reached skill level 1 in Earth Magic
  1112 | D:3      | Reached skill level 1 in Poison Magic
  1369 | D:3      | Reached XP level 5. HP: 11/43 MP: 8/8
  1573 | D:3      | Noticed Jessica
  1589 | D:3      | Killed Jessica
  1986 | D:4      | Found Zeatuho's Magic Scroll Shop.
  2018 | D:4      | Found a glowing golden altar of the Shining One.
  2148 | D:4      | Found a glowing silver altar of Zin.
  2207 | D:4      | Found Tuhabred's Jewellery Shoppe.
  2280 | D:4      | Found Qijeddud's Book Shoppe.
  2310 | D:4      | Reached skill level 5 in Invocations
  2310 | D:4      | Reached XP level 6. HP: 48/50 MP: 9/9
  2317 | D:4      | Bought a scroll of fear for 48 gold pieces
  2417 | D:5      | Entered Level 5 of the Dungeon
  2502 | D:5      | Reached skill level 5 in Fighting
  2550 | D:5      | Noticed a water moccasin
  2560 | D:5      | Banished a water moccasin
  2633 | D:5      | Reached XP level 7. HP: 32/56 MP: 10/10
  2635 | D:5      | Found a blossoming altar of Fedhas.
  2674 | D:5      | Found a sparkling altar of Nemelex Xobeh.
  2680 | D:5      | Noticed Blork the orc
  2682 | D:5      | Found a shadowy altar of Dithmenos.
  2690 | D:5      | Killed Blork the orc
  2899 | D:5      | Noticed Ijyb
  2902 | D:5      | Killed Ijyb
  2903 | D:5      | Reached skill level 5 in Stealth
  3184 | D:4      | Found Enouzu Waxt's Armour Shop.
  3192 | D:4      | Bought a +0 pair of gloves for 54 gold pieces
  3277 | D:4      | Found Milylloh's Book Shop.
  3415 | D:6      | Reached XP level 8. HP: 36/63 MP: 12/12
  3874 | D:6      | Reached skill level 6 in Invocations
  4142 | D:6      | Reached XP level 9. HP: 44/69 MP: 14/14
  4329 | D:6      | Identified the ring "Sitettet" {*Slow rPois Str+3 Dex+6}
  4546 | D:7      | Noticed Pikel
  4552 | D:7      | Killed Pikel
  4553 | D:7      | Reached skill level 5 in Long Blades
  4553 | D:7      | Reached skill level 5 in Armour
  4553 | D:7      | Reached skill level 5 in Dodging
  4553 | D:7      | Reached skill level 5 in Evocations
  4593 | D:7      | Found Arryteje's Jewellery Shoppe.
  4681 | D:7      | Found a staircase to the Ecumenical Temple.
  4691 | Temple   | Entered the Ecumenical Temple
  4758 | Temple   | Became a worshipper of Gozag Ym Sagoz the Greedy
  4865 | D:7      | Noticed a rust devil
  5071 | D:2      | Killed Terence
  5217 | D:2      | Noticed Robin
  5244 | D:2      | Killed Robin
  5267 | D:2      | Noticed Sigmund
  5277 | D:2      | Killed Sigmund
  5278 | D:2      | Reached skill level 7 in Invocations
  5710 | D:2      | Noticed Natasha
  5717 | D:2      | Killed Natasha
  5825 | D:2      | Noticed Natasha
  5828 | D:2      | Killed Natasha
  5984 | D:2      | Noticed Natasha
  5988 | D:2      | Killed Natasha
  6102 | D:4      | Bought an amulet of regeneration for 300 gold pieces
  6252 | D:7      | Noticed an angel
  6295 | D:7      | Reached XP level 10. HP: 75/77 MP: 17/17
  6307 | D:7      | Gained mutation: You are frail. (-10% HP) [potion of
                  | mutation]
  6307 | D:7      | Gained mutation: You have hidden genetic potential. [potion
                  | of mutation]
  6308 | D:7      | Lost mutation: You are frail. (-10% HP) [potion of
                  | mutation]
  6308 | D:7      | Lost mutation: You have hidden genetic potential. [potion
                  | of mutation]
  6308 | D:7      | Gained mutation: You are agile. (Dex +4, Str/Int -1)
                  | [potion of mutation]
  6308 | D:7      | Gained mutation: You have hidden genetic defects. [potion
                  | of mutation]
  6308 | D:7      | Gained mutation: You do not regenerate when monsters are
                  | visible. [potion of mutation]
  6315 | D:7      | Lost mutation: You do not regenerate when monsters are
                  | visible. [potion of mutation]
  6315 | D:7      | Lost mutation: You are agile. (Dex +4, Str/Int -1) [potion
                  | of mutation]
  6315 | D:7      | Lost mutation: You have hidden genetic defects. [potion of
                  | mutation]
  6315 | D:7      | Gained mutation: You occasionally lose the ability to drink
                  | potions when taking damage. [potion of mutation]
  6315 | D:7      | Gained mutation: Your mind is acute. (Int +4, Str/Dex -1)
                  | [potion of mutation]
  6315 | D:7      | Gained mutation: You are strong-willed. (Will+) [potion of
                  | mutation]
  6367 | D:7      | Reached skill level 5 in Short Blades
  6367 | D:7      | Reached skill level 5 in Axes
  6367 | D:7      | Reached skill level 5 in Maces & Flails
  6367 | D:7      | Reached skill level 5 in Polearms
  6367 | D:7      | Reached skill level 5 in Staves
  6367 | D:7      | Reached skill level 5 in Ranged Weapons
  6367 | D:7      | Reached skill level 5 in Throwing
  6367 | D:7      | Reached skill level 5 in Shields
  6367 | D:7      | Reached skill level 5 in Unarmed Combat
  6367 | D:7      | Reached skill level 5 in Spellcasting
  6438 | D:7      | Found a broken altar of Ashenzari.
  6557 | D:7      | Killed a rust devil
  6813 | D:8      | Noticed Grum
  6827 | D:8      | Killed Grum
  7310 | D:8      | Found a shimmering altar of Xom.
  7374 | D:8      | Found Byatoexog's Antique Armour Emporium.
  7384 | D:8      | Bought a dazzling scarf for 310 gold pieces
  7384 | D:8      | Identified the scarf of Liepp {+Inv, rC+} (You bought it in
                  | a shop on level 8 of the Dungeon)
  7705 | D:9      | Noticed Erolcha
  7715 | D:9      | Killed Erolcha
  7716 | D:9      | Reached skill level 5 in Shapeshifting
  8327 | D:10     | Entered Level 10 of the Dungeon
  8339 | D:10     | Noticed a two-headed ogre
  8348 | D:10     | Killed a two-headed ogre
  8349 | D:10     | Reached skill level 8 in Invocations
  8349 | D:10     | Reached XP level 11. HP: 84/84 MP: 18/20
  8362 | D:10     | Found a staircase to the Lair.
  8363 | D:10     | Reached skill level 5 in Conjurations
  8363 | D:10     | Reached skill level 5 in Hexes
  8363 | D:10     | Reached skill level 5 in Summonings
  8363 | D:10     | Reached skill level 5 in Necromancy
  8363 | D:10     | Reached skill level 5 in Translocations
  8363 | D:10     | Reached skill level 5 in Transmutations
  8363 | D:10     | Reached skill level 5 in Fire Magic
  8363 | D:10     | Reached skill level 5 in Ice Magic
  8363 | D:10     | Reached skill level 5 in Air Magic
  8363 | D:10     | Reached skill level 5 in Earth Magic
  8363 | D:10     | Reached skill level 5 in Poison Magic
  8523 | D:10     | Found a flagged portal.
  8574 | Bailey   | Entered a bailey
  8843 | Bailey   | Noticed an orc warlord
  8882 | Bailey   | Killed an orc warlord
  9038 | D:10     | Acquired 906 gold pieces
  9041 | D:10     | Acquired the +2 hat of Patterns {Dex+5}
  9197 | D:8      | Bought a runed cloak for 232 gold pieces
  9198 | D:8      | Bought a glowing scale mail for 217 gold pieces
  9198 | D:8      | Bought a runed chain mail for 232 gold pieces
  9206 | D:9      | Bought 3 scrolls labelled ETURIJ IJOFIN for 117 gold pieces
  9206 | D:9      | Bought a smoking scale mail for 351 gold pieces
  9206 | D:9      | Identified the +3 scale mail "Nyufad" {-Cast Harm Rampage
                  | rN++} (You bought it in a shop on level 9 of the Dungeon)
  9800 | D:11     | Noticed a green ugly thing
  9811 | D:11     | Killed a green ugly thing
  9899 | D:11     | Reached skill level 9 in Invocations
  9944 | D:11     | Noticed Amaemon
  9959 | D:11     | Reached XP level 12. HP: 94/94 MP: 22/22
  9959 | D:11     | Killed Amaemon
 10096 | D:11     | Noticed a hell knight
 10105 | D:11     | Killed a hell knight
 10332 | D:11     | Noticed a hell knight
 10332 | D:11     | Noticed a hell knight
 10365 | Lair:1   | Entered Level 1 of the Lair of Beasts
 10446 | Lair:1   | Noticed Urug
 10459 | Lair:1   | Killed Urug
 10486 | Lair:1   | Identified the ring "Ydesott" {Fire Str+3}
 10870 | Lair:1   | Noticed Jeremiah
 10884 | Lair:1   | Killed Jeremiah
 10987 | Lair:1   | Found the +6 Majin-Bo {spellvamp, MP+6 Int+6}
 11191 | Lair:2   | Noticed Sonja
 11265 | Lair:2   | Killed Sonja
 11407 | Lair:2   | Bought 4 curare-tipped darts for 57 gold pieces
 11534 | Lair:2   | Found a staircase to the Swamp.
 11550 | Lair:2   | Reached XP level 13. HP: 96/101 MP: 23/25
 11635 | Lair:2   | Reached skill level 10 in Invocations
 12298 | Lair:3   | Learned a level 4 spell: Brom's Barrelling Boulder
 12430 | Lair:3   | Found a hole to the Spider Nest.
 13209 | Lair:4   | Found a snail-covered altar of Cheibriados.
 13483 | Lair:4   | Reached skill level 10 in Fighting
 13813 | Lair:4   | Reached XP level 14. HP: 110/110 MP: 26/26
 13926 | Lair:4   | Reached skill level 10 in Stealth
 14156 | Lair:4   | Reached skill level 11 in Invocations
 14396 | Lair:5   | Entered Level 5 of the Lair of Beasts
 14713 | Lair:5   | Identified the ring "Roni" {AC+4 Dex+7 Slay-2}
 14802 | Lair:5   | Found a transporter.
 15053 | Lair:5   | Found a viscous altar of Jiyva.
 15053 | Lair:5   | Found a staircase to the Slime Pits.
 15101 | Lair:5   | Found a transporter.
 15183 | Lair:5   | Noticed Geyrauw's ghost (journeyman GnRe)
 15242 | Lair:5   | Reached skill level 10 in Long Blades
 15242 | Lair:5   | Reached skill level 10 in Armour
 15242 | Lair:5   | Reached skill level 10 in Dodging
 15242 | Lair:5   | Reached skill level 10 in Evocations
 15261 | Lair:5   | Killed Geyrauw's ghost
 15654 | Lair:5   | Reached XP level 15. HP: 117/117 MP: 28/28
 16152 | D:11     | Killed from afar by a hell knight

Illustrated notes

Levels and vault maps discovered:
D:1:      heliophobic_arrival_battle_scene, layout_basic,
          dreamdust_ecumenical_altar_statues
D:2:      layout_basic, chequers_serial_rivers_room_b, uniq_robin, uniq_terence,
          uniq_natasha, uniq_sigmund
D:3:      layout_basic, nrook_mini_backslash, kennysheep_generic_room_15,
          uniq_jessica
D:4:      layout_cave_pools, kennysheep_mini, general_overflow_altar,
          serial_shops, nicolae_shop_stone, shop, shop, shop,
          nicolae_shop_gibbet_a_chance, minmay_goblin_kobold_house,
          uniq_crazy_yiuf_cottage
D:5:      layout_basic, fedhas_ov_isle_minmay, grunt_temple_overflow_open,
          uniq_ijyb, uniq_blork_the_orc
D:6:      layout_cave_pools, serial_gnoll_camp, gnoll_camp_mini_hut,
          gnoll_camp_mini_house, gnoll_camp_huts_moat,
          gnoll_camp_mini_loothouse, serial_bayou_lagoon_b
D:7:      layout_basic, mainiacjoe_overflow_alcove_4, temple_garden,
          minmay_shop_enchanted_jewellery, st_stairs_7, nrook_mini_vaults,
          dreamdust_wishing_well, uniq_pikel
D:8:      layout_basic, mainiacjoe_overflow_concentric_impassable,
          serial_co_window_serial, co_window_corner_a,
          co_window_of_opportunity_a, co_window_paths_a, co_window_corner_a,
          co_window_paths_a, co_window_2corner, co_window_corner_ca,
          co_window_2corner, co_window_corner_b, co_window_2corner,
          co_window_broadway_c, glass_columns_c, serial_shops,
          nicolae_shop_dealshenge, uniq_grum
D:9:      layout_irregular_city, uniq_erolcha
D:10:     layout_long_grid, erik_lair_island, enter_bailey_4
D:11:     layout_roguey, serial_corexii_hall, corexii_hall_statues_l,
          chequers_hall_statues_wall_a, minmay_rotating_lava, uniq_amaemon
Temple:   regret_index_temple_waves
Lair:1:   layout_cave_shapes, chequers_serial_rivers_marsh, grunt_megastairs_1,
          lemuel_fruit_fields, uniq_urug, uniq_jeremiah
Lair:2:   layout_misc_corridors, skrybe_swamp_entry_bodies, uniq_sonja
Lair:3:   layout_cave_pods, spider_nest_entry_webs,
          chequers_serial_rivers_small_3, grunt_megastairs_3,
          infiniplex_staircase_pool_2
Lair:4:   lemuel_reptile_caves, layout_long_grid, basic_altar
Lair:5:   minmay_lair_end_enchanted_forest, layout_misc_corridors,
          dpeg_slime_entry_enclosed, nzn_ghost_randoct, special_room
          [special_room_mythical_zoo], kennysheep_basilisk_garden

Skill      XL: |  1  2  3  4  5  6  7  8  9 10 11 12 13 14 |
---------------+-------------------------------------------+-----
Short Blades   | 1 2 3 4 6 7 8 9 |  9.9
Axes           | 1 2 3 4 6 7 8 9 |  9.9
Maces & Flails | 1 2 3 4 6 7 8 9 |  9.9
Polearms       | 1 2 3 4 6 7 8 9 |  9.9
Staves         | 1 2 3 4 6 7 8 9 |  9.9
Ranged Weapons | 1 2 3 4 6 7 8 9 |  9.9
Throwing       | 1 2 3 4 6 7 8 9 |  9.9
Shields        | 1 2 3 4 6 7 8 9 |  9.9
Unarmed Combat | 1 2 3 4 6 7 8 9 |  9.9
Spellcasting   | 1 2 3 4 6 7 8 9 |  9.9
Shapeshifting  | 1 2 3 4 5 6 7 8 9 |  9.1
Conjurations   | 1 2 3 4 5 6 7 8 |  8.3
Hexes          | 1 2 3 4 5 6 7 8 |  8.3
Summonings     | 1 2 3 4 5 6 7 8 |  8.3
Necromancy     | 1 2 3 4 5 6 7 8 |  8.3
Translocations | 1 2 3 4 5 6 7 8 |  8.3
Transmutations | 1 2 3 4 5 6 7 8 |  8.3
Fire Magic     | 1 2 3 4 5 6 7 8 |  8.3
Ice Magic      | 1 2 3 4 5 6 7 8 |  8.3
Air Magic      | 1 2 3 4 5 6 7 8 |  8.3
Earth Magic    | 1 2 3 4 5 6 7 8 |  8.3
Poison Magic   | 1 2 3 4 5 6 7 8 |  8.3
Long Blades    | 3 4 5 6 7 8 9 10 | 10.3
Armour         | 3 4 5 6 7 8 9 10 | 10.3
Dodging        | 3 4 5 6 7 8 9 10 | 10.3
Evocations     | 3 4 5 6 7 8 9 10 | 10.3
Invocations    | 5 6 7 8 9 10 11 | 11.7
Fighting       | 5 6 7 8 9 10 | 10.9
Stealth        | 5 6 7 8 9 10 | 10.8

Action                     |  1- 3 |  4- 6 |  7- 9 | 10-12 | 13-15 || total
---------------------------+-------+-------+-------+-------+-------++-------
  Melee: Dagger            |    96 |   287 |       |       |       ||   383
         Bite              |     4 |    40 |    23 |    85 |   190 ||   342
         Punch             |     1 |     6 |       |       |       ||     7
         Unarmed           |       |     2 |       |       |       ||     2
         Spear             |       |    31 |   264 |       |       ||   295
         Trident           |       |       |    84 |   665 |  1107 ||  1856
   Fire: Sling             |       |       |       |    77 |    41 ||   118
  Throw: Dart              |       |       |       |     7 |       ||     7
         Javelin           |       |       |       |       |     5 ||     5
 Invoke: Call Merchant     |       |       |       |     2 |     1 ||     3
  Evoke: Wand              |       |       |    29 |    20 |     5 ||    54
    Use: Scroll            |       |     4 |     5 |    10 |     4 ||    23
         Potion            |       |     2 |     3 |     9 |     3 ||    17
   Stab: Sleeping          |     9 |       |     2 |     4 |    12 ||    27
         Distracted        |       |       |       |     2 |    12 ||    14
 Armour: Leather armour    |    20 |       |       |       |       ||    20
         Chain mail        |    23 |   153 |   199 |   244 |       ||   619
         Skin              |       |     3 |       |       |       ||     3
         Scale mail        |       |       |       |   182 |   534 ||   716
  Dodge: Dodged            |    30 |    95 |    95 |   312 |   726 ||  1258
  Block: Buckler           |       |       |    36 |   222 |   398 ||   656

Table legend: (Time is in decaauts)
 A = Elapsed time spent in this place.
 B = Non-inter-level travel time spent in this place.
 C = Inter-level travel time spent in this place.
 D = Time resting spent in this place.
 E = Time spent auto-exploring this place.
 F = Levels seen in this place.
 G = Mean time per level.
                   A        B        C        D        E       F      G
               +--------+--------+--------+--------+--------+-----+--------+
         Total |  16006 |  14260 |   1746 |    322 |   8976 |  18 |  889.2 |
       Dungeon |   9804 |   8516 |   1288 |    209 |   5594 |  11 |  891.3 |
        Temple |    134 |      1 |    133 |      0 |      0 |   1 |  134.0 |
          Lair |   5594 |   5271 |    323 |    113 |   3229 |   5 | 1118.8 |
        Bailey |    472 |    472 |      0 |      0 |    152 |   1 |  472.0 |
               +--------+--------+--------+--------+--------+-----+--------+

Top non-repeatable levels by time:
  Lair:5: 1484 daAuts
  Lair:4: 1348 daAuts
     D:3: 1331 daAuts
     D:6: 1081 daAuts
     D:2: 1068 daAuts
     D:8: 1033 daAuts
  Lair:3: 962 daAuts
  Lair:1: 926 daAuts
  Lair:2: 872 daAuts
    D:11: 857 daAuts
     D:9: 826 daAuts
     D:7: 821 daAuts
    D:10: 725 daAuts
     D:1: 717 daAuts
     D:5: 706 daAuts
